 Dungeon Crawl Stone Soup version 0.31.0-11-ge490571c62 (webtiles) character file.

Game seed: 5095746230162907309

95 browni3141 the Slasher (level 4, -5/36 HPs)
             Began as a Barachi Monk on Feb 1, 2024.
             Killed from afar by an orc wizard (11 damage)
             ... with a puff of flame
             ... on level 3 of the Dungeon.
             The game lasted 00:04:19 (528 turns).

browni3141 the Slasher (Barachi Monk)                Turns: 528, Time: 00:04:20

Health: -5/36      AC:  3    Str: 13    XL:     4   Next: 65%
Magic:  7/7        EV: 13    Int: 12    God:
Gold:   121        SH:  0    Dex: 17    Spells: 7/7 levels left

rFire   . . .        b - +2 rapier (venom)
rCold   . . .        d - orb {light}
rNeg    . . .        n - +0 leather armour of Untold Secrets {Will+ Dex+3}
rPois   .            (no helmet)
rElec   .            (no cloak)
rCorr   .            (no gloves)
SInv    .            (no boots)
Will    +....        (no amulet)
Stlth   +            (no ring)
HPRegen 0.26/turn    (no ring)
MPRegen 0.10/turn

%: no passive effects
@: unable to hop, glowing, slow
A: amphibious, slowness 1, strong legs 1, +LOS
a: Hop


You were on level 3 of the Dungeon.
You visited 1 branch of the dungeon, and saw 5 of its levels.

You collected 121 gold pieces.

Inventory:

Hand Weapons
 a - a +0 falchion
 b - a +2 rapier of venom (weapon)
Armour
 d - an orb of light (worn)
 n - the +0 leather armour of Untold Secrets (worn) {Will+ Dex+3}
   (You found it on level 4 of the Dungeon)

   Dex+3:     It affects your dexterity (+3).
   Will+:     It increases your willpower.
 o - a +0 robe
Jewellery
 i - a ring of resist corrosion
 l - a ring of ice
Scrolls
 e - a scroll of silence {unknown}
 g - a scroll of identify {unknown}
Potions
 j - a potion of enlightenment {unknown}
 k - a potion of brilliance {unknown}
 m - a potion of magic {unknown}
 p - a potion of mutation {unknown}


   Skills:
 - Level 3.6 Fighting
 - Level 3.6 Long Blades
 - Level 3.3 Dodging
 - Level 2.0 Spellcasting
 * Level 3.0 Necromancy


You had 7 spell levels left.
You didn't know any spells.
Your spell library was empty.

Dungeon Overview and Level Annotations

Branches:
Dungeon (5/15)
 Temple: D:4-7

Altars:
Dithmenos
The Shining One

Shops:
D:2 [:


Innate Abilities, Weirdness & Mutations

You are amphibious.
You cover ground slowly.
You can hop short distances.
You have an extended range of vision and can be seen from far away.


Message History

You open the door.
You see here the +0 leather armour of Untold Secrets {Will+ Dex+3}.
You start removing your armour.
You continue taking off your +0 robe. x4
You finish taking off your +0 robe.
You start putting on your armour.
You continue putting on the +0 leather armour of Untold Secrets {Will+ Dex+3}.
The gnoll shouts!
You continue putting on the +0 leather armour of Untold Secrets {Will+ Dex+3}. x4
You finish putting on the +0 leather armour of Untold Secrets {Will+ Dex+3}.
You feel agile.
You barely miss the gnoll. The gnoll hits you with a +0 whip.
You slash the gnoll!
The gnoll is severely wounded.
The gnoll barely misses you.
You slash the gnoll!
You kill the gnoll!
No target in view!
You see here 6 gold pieces.
You now have 113 gold pieces (gained 6).
Press: ? - help, v - describe, . - travel, g - get item
Items here: a +0 whip; a gnoll corpse.
The floor, spattered with blood.
This square is lit by a halo.
You see here 8 gold pieces.
You now have 121 gold pieces (gained 8).
You open the door.
There is an open door here.
As you open the door, it creaks loudly!
There is an open door here.
You open the door.
Found a glowing golden altar of the Shining One.
Hop to where?
Press: ? - help, Dir - move target Boing!
There is an open door here.
There is an open door here.
You open the door.
There is an open door here.
Found a stone staircase leading up.
Found a scroll labelled RIYKUA LOIPP.
Found a stone staircase leading down.
You see here a +2 rapier of venom.
o - a +2 rapier of venom You see here a murky cyan potion.
p - a murky cyan potion Adjust (i)tems, (s)pells, or (a)bilities?
o - a +2 rapier of venom Adjust to which letter? (? for menu, Esc to quit)
b - a +2 rapier of venom;
o - a +0 robe
Okay, then.
You open the door.
There is a stone staircase leading up here.
You can't go down here!
You climb upwards.
Level annotation: Ijyb Ijyb shouts!
There is a stone staircase leading down here.
Press: ? - help, v - describe, . - travel
Here: Ijyb, wielding a +0 club, wearing a +0 leather armour and carrying a wand of flame The floor.
Unknown command.
Unknown command.
Your +2 rapier of venom begins to drip with poison!
b - a +2 rapier of venom (weapon)
Ijyb zaps a wand.
The puff of flame hits you!
Ijyb zaps a wand.
The puff of flame hits you.
You completely miss Ijyb. Ijyb barely misses you.
The orc wizard shouts!
You hit Ijyb.
Ijyb is poisoned.
Ijyb is lightly wounded.
Ijyb misses you.
You barely miss Ijyb.
Ijyb is lightly wounded.
Ijyb zaps a wand.
The puff of flame hits you!
You barely miss Ijyb.
Ijyb is moderately wounded.
Ijyb hits you with a +0 club.
You hit Ijyb.
Ijyb looks as sick as possible!
Ijyb is moderately wounded.
Ijyb barely misses you. Ijyb hits you with a +0 club.
You completely miss Ijyb.
Ijyb is heavily wounded.
The orc wizard mumbles some strange words.
The orc wizard flickers and vanishes for a moment.
Ijyb hits you with a +0 club.
You feel better. Ijyb hits you with a +0 club.
You closely miss Ijyb.
Ijyb is severely wounded.
Ijyb hits you with a +0 club.
You hit Ijyb.
Ijyb looks as sick as possible!
Ijyb is almost dead.
You kill Ijyb!
Your Necromancy skill increases to level 3!
You hit the orc wizard.
The orc wizard is poisoned.
The orc wizard is moderately wounded.
The orc wizard hits you with a +0 dagger.
You barely miss the orc wizard.
The orc wizard is moderately wounded.
The orc wizard gestures at you while chanting.
The puff of flame hits you!
You die...

...........#
..........#.
.........#...
###.#.###....
..######.#
#?.......## #>.#
..
######..####.....
.........@........
#.#####.#o###.....
#..#.. .. #.###.§
#. .§§ #. ###§ #.
.. # .. ..


You could see an orc wizard (invisible, very poisoned).

Vanquished Creatures
  Ijyb (D:3)
  2 adders
  3 gnolls
  A dart slug (D:2)
  A ribbon worm (D:2)
  2 orcs
  An endoplasm (D:1)
  A giant cockroach (D:3)
  A hobgoblin (D:1)
  A kobold (D:2)
  4 ball pythons
  A bat (D:2)
  2 rats (D:2)
21 creatures vanquished.

Notes
Turn   | Place    | Note
-------+----------+-------------------------------------------
     0 | D:1      | browni3141 the Barachi Monk began the quest for the Orb.
     0 | D:1      | Reached XP level 1. HP: 18/18 MP: 1/1
    45 | D:2      | Found Cueck's Armour Shop.
    78 | D:2      | Reached skill level 1 in Spellcasting
    78 | D:2      | Reached skill level 1 in Necromancy
    78 | D:2      | Reached XP level 2. HP: 13/24 MP: 1/3
    87 | D:2      | Found a shadowy altar of Dithmenos.
    97 | D:2      | Found Xocubb's Book Shoppe.
   209 | D:2      | Reached XP level 3. HP: 29/29 MP: 5/5
   213 | D:3      | Noticed Ijyb
   236 | D:1      | HP: 1/29 [adder (4)]
   303 | D:3      | Reached XP level 4. HP: 8/36 MP: 7/7
   339 | D:5      | Entered Level 5 of the Dungeon
   339 | D:5      | Noticed a scorpion
   415 | D:4      | Identified the +0 leather armour of Untold Secrets {Will+
                  | Dex+3}
   448 | D:4      | Found a glowing golden altar of the Shining One.
   526 | D:3      | Killed Ijyb
   528 | D:3      | Killed from afar by an orc wizard

Illustrated notes

Levels and vault maps discovered:
D:1:      dpeg_chamrin_arrival_tetris, layout_loops_ring, minmay_misc_feat_chi,
          minmay_misc_feat_hallway, minmay_pentomino_w2
D:2:      layout_rooms, basic_altar, serial_shops, shop, shop,
          chequers_serial_rivers_micro_a, bh_walls_and_bars
D:3:      layout_rooms, ashenzari_altar_1, trog_book,
          lemuel_zombie_altar_kikubaaqudgha, mainiacjoe_overflow_alcove_1,
          cheibriados_altar_1, ebering_ecumenical_altar_mist, uniq_ijyb
D:4:      layout_gridville, tso_metal_star, serial_bayou_pond_c, corner_web_ring
D:5:      layout_loops_corners, nemelex_dance_club_becter, uniq_eustachio

Skill      XL: |  1  2  3  4 |
---------------+-------------+-----
Spellcasting   | 1 2 |  2.0
Necromancy     | 1 2 3 |  3.0
Fighting       | |  3.6
Long Blades    | |  3.6
Dodging        | |  3.3

Action                     |  1- 3 |  4- 6 || total
---------------------------+-------+-------++-------
  Melee: Falchion          |    69 |     3 ||    72
         Rapier            |       |    10 ||    10
Ability: Hop               |     4 |     1 ||     5
    Use: Potion            |     2 |     1 ||     3
 Armour: Robe              |    46 |       ||    46
         Leather armour    |       |    11 ||    11
  Dodge: Dodged            |    62 |     4 ||    66
